 Dungeon Crawl Stone Soup version 0.21.1-1-g345015fe64 (webtiles) character file.

172 Htamos the Skirmisher (level 5, -5/34 HPs)
             Began as a Gargoyle Fighter on June 14, 2018.
             Slain by an ice beast (8 damage)
             ... on level 3 of the Dungeon.
             The game lasted 00:05:31 (2146 turns).

Htamos the Skirmisher (Gargoyle Fighter)            Turns: 2146, Time: 00:05:32

Health: -5/34      AC: 10    Str: 20    XL:     5   Next: 53%
Magic:  5/5        EV:  7    Int:  8    God:
Gold:   47         SH:  9    Dex: 10    Spells: 4/4 levels left

rFire    . . .     SeeInvis .   a - +0 flail
rCold    . . .     Gourm    .   c - +0 shield
rNeg     + . .     Faith    .   b - +0 scale mail
rPois    ∞         Spirit   .   (no helmet)
rElec    +         Reflect  .   (no cloak)
rCorr    .         Harm     .   (no gloves)
MR       .....                  (no boots)
Stlth    ..........             (no amulet)
HPRegen  0.11/turn              (no ring)
MPRegen  0.09/turn              (no ring)

@: no status effects
A: negative energy resistance 1, electricity resistance, unbreathing,
petrification resistance, rot immunity, AC +4
a: no special abilities


You were on level 3 of the Dungeon.
You were very hungry.

You visited 1 branch of the dungeon, and saw 3 of its levels.

You collected 47 gold pieces.

Inventory:

Hand Weapons
 a - a +0 flail (weapon)
 q - a +1 trident of venom
Armour
 b - a +0 scale mail (worn)
 c - a +0 shield (worn)
 k - a +1 pair of gloves of strength
 p - a +0 large shield
Jewellery
 n - a +2 ring of dexterity {unknown}
 r - an uncursed ring of fire {unknown}
Scrolls
 h - 7 scrolls of identify {unknown}
 i - a scroll of amnesia {unknown}
 j - 5 scrolls of remove curse {unknown}
 l - a scroll of blinking {unknown}
 m - a scroll of noise {unknown}
Potions
 d - a potion of might
 e - a potion of berserk rage {unknown}
 g - a potion of curing {unknown}
 o - a potion of lignification {unknown}
 s - a potion of ambrosia {unknown}
Comestibles
 f - 5 rations


   Skills:
 + Level 4.6 Fighting
 + Level 4.4 Maces & Flails
 - Level 3.2 Armour
 + Level 0.6 Dodging
 + Level 0.4 Stealth
 - Level 3.2 Shields


You had 4 spell levels left.
You didn't know any spells.

Dungeon Overview and Level Annotations

Branches:
Dungeon (3/15)

Altars:


Innate Abilities, Weirdness & Mutations

You are resistant to torment.
Your stone body is resilient. (AC +4)
You are immune to poison.
You resist negative energy. (rN+)
You are resistant to electric shocks. (rElec)
You can survive without breathing.
You are immune to petrification.
You are immune to rotting.


Message History

You sock the ice beast!
The ice beast is almost dead.
The ice beast hits you. The ice beast freezes you!
You closely miss the ice beast.
The ice beast is almost dead.
You are feeling very hungry.
The ice beast hits you but does no damage.
You barely miss the ice beast.
The ice beast is almost dead.
The ice beast hits you. The ice beast freezes you!
* * * LOW HITPOINT WARNING * * *
You hit the ice beast.
The ice beast is almost dead.
The ice beast hits you but does no damage.
You hit the ice beast but do no damage.
The ice beast is almost dead.
You block the ice beast's attack. The ice beast hits you.
* * * LOW HITPOINT WARNING * * *
The ice beast freezes you!
You die...

#### ##### #### ..!
#...####...
...########.....##...
.....................
..>..................
..#.#......#....#...
+@#..#.#+#..#.#...
##Y...........#...
.......................
######..#.##...........
.........#........
......#.#...#.....#
.....#.### #. .h....+.#
.......###


You could see an ice beast.

Vanquished Creatures
  An orc priest (D:2)
  2 orc wizards (D:2)
  Natasha (D:2)
  2 adders (D:2)
  A worm (D:2)
  3 orcs (D:2)
  A giant cockroach (D:3)
  4 goblins
  7 hobgoblins
  A quokka (D:2)
  A ball python (D:2)
  2 bats (D:2)
  2 frilled lizards
  7 kobolds
  5 rats
40 creatures vanquished.

Notes
Turn   | Place    | Note
-------+----------+-------------------------------------------
     0 | D:1      | Htamos the Gargoyle Fighter began the quest for the Orb.
     0 | D:1      | Reached XP level 1. HP: 14/14 MP: 1/1
   206 | D:1      | Reached XP level 2. HP: 20/20 MP: 2/2
   485 | D:2      | Noticed Natasha
   793 | D:2      | Reached XP level 3. HP: 21/24 MP: 3/3
  1059 | D:2      | Killed Natasha
  1059 | D:2      | Reached XP level 4. HP: 13/29 MP: 4/4
  1593 | D:2      | Reached XP level 5. HP: 20/34 MP: 5/5
  2131 | D:3      | Noticed an ice beast
  2146 | D:3      | Slain by an ice beast

Skill      XL: |  1  2  3  4 |
---------------+-------------+-----
Fighting       | 4 |  4.6
Maces & Flails | 3 4 |  4.4
Armour         | |  3.2
Dodging        | |  0.6
Stealth        | |  0.4
Shields        | |  3.2

Action                   |  1- 3 |  4- 6 || total
-------------------------+-------+-------++-------
Melee: Flail             |    65 |    65 ||   130
  Eat: Chunk             |       |     3 ||     3
Armor: Scale mail        |    41 |    33 ||    74
Dodge: Dodged            |    25 |    12 ||    37
Block: Shield            |    38 |    25 ||    63
